 Dungeon Crawl Stone Soup version 0.27.0-1-g7a089689b8 (webtiles) character file.

Game seed: 10450375911689241427

59 gimp the Cutter (level 3, 0/28 HPs)
             Began as a Mummy Warper on Aug 10, 2021.
             Slain by a goblin (2 damage)
             ... on level 2 of the Dungeon.
             The game lasted 00:02:55 (1898 turns).

gimp the Cutter (Mummy Warper)                      Turns: 1898, Time: 00:02:56

Health: 0/28       AC:  5    Str: 15    XL:     3   Next: 78%
Magic:  7/7        EV: 10    Int: 12    God:
Gold:   49         SH:  0    Dex: 11    Spells: 7/7 levels left

rFire    x . .     SeeInvis .   i - +0 dagger
rCold    + . .     Faith    .   (no shield)
rNeg     + + +     Spirit   .   g - +0 ring mail
rPois    ∞         Reflect  .   (no helmet)
rElec    .         Harm     .   (no cloak)
rCorr    .         Rampage  .   (no gloves)
Will     .....                  (no boots)
Stlth    +.........             (no amulet)
HPRegen  0.09/turn              (no ring)
MPRegen  0.10/turn              (no ring)

@: no status effects
A: cold resistance 1, negative energy resistance 3, torment resistance 2, heat
vulnerability 1, no potions
a: no special abilities


You were on level 2 of the Dungeon.
You visited 1 branch of the dungeon, and saw 2 of its levels.

You collected 49 gold pieces.

Inventory:

Hand Weapons
 a - a +0 short sword
 i - a +0 dagger (weapon)
Missiles
 d - 5 boomerangs of dispersal (quivered)
 k - 22 poisoned darts
Armour
 b - a +0 leather armour
 g - a +0 ring mail (worn)
Scrolls
 c - 2 scrolls of blinking
 e - a scroll of vulnerability {unknown}
 f - a scroll of brand weapon {unknown}
 h - a scroll of fog {unknown}
 j - a scroll of enchant weapon {unknown}


   Skills:
 + Level 2.8 Fighting
 * Level 3.0 Short Blades
 - Level 0.7 Throwing
 - Level 0.7 Armour
 - Level 1.5 Dodging
 - Level 2.6 Spellcasting
 - Level 2.4 Translocations


You had 7 spell levels left.
You didn't know any spells.
Your spell library contained the following spells:

 Spells                   Type           Power      Damage    Failure   Level
 Blink                    Tloc           N/A        N/A       28%         2
 Gell's Gravitas          Tloc           3%         N/A       50%         3
 Lesser Beckoning         Tloc           3%         N/A       50%         3
 Teleport Other           Tloc           7%         N/A       50%         3
 Manifold Assault         Tloc           7%         N/A       99%         5


Dungeon Overview and Level Annotations

Branches:
Dungeon (2/15)

Altars:
The Shining One


Innate Abilities, Weirdness & Mutations

You are immune to poison.
Your flesh is cold resistant. (rC+)
You are immune to negative energy. (rN+++)
You are immune to unholy pain and torment.
You are vulnerable to heat. (rF-)
You do not drink.


Message History

You take 2 damage, and have 10/28 hp.
You closely miss the adder.
The adder is severely wounded.
The adder barely misses you.
You hit the adder.
The adder is almost dead.
The adder bites you.
* * * LOW HITPOINT WARNING * * *
You take 3 damage, and have 7/28 hp.
You closely miss the adder.
The adder is almost dead.
The adder bites you.
* * * LOW HITPOINT WARNING * * *
The adder bites you.
* * * LOW HITPOINT WARNING * * *
You take 2 damage, and have 5/28 hp.
You closely miss the adder.
The adder is almost dead.
The adder bites you.
* * * LOW HITPOINT WARNING * * *
You take 4 damage, and have 1/28 hp.
You aren't carrying any items that you can evoke.
Unknown command.
You miss the adder.
The adder is almost dead.
The adder completely misses you.
You miss the adder.
The adder is almost dead.
The adder misses you.
You closely miss the adder.
The adder is almost dead.
The adder bites you.
* * * LOW HITPOINT WARNING * * *
You hit the adder.
You kill the adder!
Your Short Blades skill increases to level 3!
Items here: ÷ †††.
You see here a +0 robe.
The goblin hits you with a +0 club.
You die...

...........(...........##..#....#
.....#.................##..#....#
......>...######...######..#....#
..###...#.# ##### #.......#
#.....#.!.# ##.......#
###.......#### ########........#
#....#..†..####...............#
#..###.###..[...........####.##
#.## #.......g@.#####..## ..#
....#####..<....#.......## #.#
....>.....#.............# .#
....(.....###.###...........
.....###...##..........###... ...
.....####.......# ... .
^#...............# (.
......###........... . .. .....
..##.....##..


You could see a goblin.

Vanquished Creatures
  2 adders
  5 endoplasms (D:1)
  3 goblins
  7 hobgoblins (D:1)
  4 jackals (D:2)
  A kobold (D:1)
  4 quokkas (D:1)
  A ball python (D:1)
  5 bats
  3 rats
35 creatures vanquished.

Notes
Turn   | Place    | Note
-------+----------+-------------------------------------------
     0 | D:1      | gimp the Mummy Warper began the quest for the Orb.
     0 | D:1      | Reached XP level 1. HP: 16/16 MP: 4/4
   475 | D:1      | Reached skill level 2 in Short Blades
   492 | D:1      | Reached XP level 2. HP: 13/22 MP: 5/5
   688 | D:1      | Found a faded altar of an unknown god.
  1384 | D:2      | Reached XP level 3. HP: 28/28 MP: 7/7
  1881 | D:2      | HP: 1/28 [adder (4)]
  1886 | D:2      | Reached skill level 3 in Short Blades
  1898 | D:2      | Slain by a goblin

Illustrated notes

Levels and vault maps discovered:
D:1:      dpeg_arrival_simpleton_c, layout_loops_ring,
          hellmonk_ecumenical_altar_zigzags
D:2:      layout_rooms, basic_altar

Skill      XL: |  1  2  3 |
---------------+----------+-----
Short Blades   | 2 3 |  3.0
Fighting       | |  2.8
Throwing       | |  0.7
Armour         | |  0.7
Dodging        | |  1.5
Spellcasting   | |  2.6
Translocations | |  2.4

Action                   || total
-------------------------++-------
Melee: Short sword       ||    45
       Dagger            ||   179
Armor: Ring mail         ||    94
       Leather armour    ||     2
Dodge: Dodged            ||   136
